Description

ESL SC2 Masters Spring is the penultimate event of the 23/24 season of ESL StarCraft II Pro Tour: new up & coming players joining the glorious StarCraft champions are ready to compete for a $100,000 prize pool and four direct slots in the record-breaking StarCraft II Championship at the Esports World Cup with $1,000,000 prize pool. The tournament is played across three days, from May 31st to June 2nd, at DreamHack Dallas.

VOD

https://youtu.be/1SXthxDUODM?si=_uqp4Au-oK9hTpYC

Replay - Maru v Serral: Game 3 - [ESL] Goldenaura

Build Order

Get SALT Encoding   

  12  0:00  Drone  
  13  0:11  Overlord  
  13  0:17  Drone  
  14  0:30  Drone x2  
  16  0:47  Hatchery  
  15  0:51  Drone x2  
  17  0:58  Drone  
  18  1:08  Extractor  
  17  1:14  Spawning Pool  
  17  1:16  Drone x2  
  18  1:28  Drone  
  21  2:00  Queen x2  
  25  2:02  Zergling x4  
  27  2:09  Overlord  
  27  2:13  Metabolic Boost  
  28  2:28  Hatchery  
  31  2:45  Queen  
  33  2:51  Overlord  
  36  3:08  Overlord  
  36  3:09  Queen  
  43  3:26  Queen  
  46  3:30  Overlord  
  47  3:40  Queen  
  53  3:48  Zergling x4  
  53  3:55  Zergling x2  
  58  4:03  Zergling x4  
  61  4:12  Spore Crawler  
  61  4:13  Zergling x6  
  64  4:20  Queen x2  
  68  4:28  Spore Crawler  
  75  4:47  Lair  
  79  4:56  Queen  
  82  5:07  Extractor, Baneling Nest  
  92  5:35  Extractor x2  
  92  5:40  Hatchery, Evolution Chamber x2  
  96  5:50  Overseer  
  96  5:55  Centrifugal Hooks  
  96  6:03  Baneling x8  
  102  6:17  Zerg Ground Armor Level 1  
  102  6:21  Hatchery  
  108  6:27  Zerg Melee Weapons Level 1  
  123  6:54  Queen  
  128  7:02  Hatchery  
  131  7:13  Burrow  
  135  7:22  Baneling x2  
Spawning Tool Build Advisor. Get it on Overwolf

Go to:

Details

  • Created by: lkojr89
  • Published on: Jun 21, 2024
  • Modified on: Jun 21, 2024
  • Patch: 5.0.11
  • Difficulty: Hard
Show
View Real Time Build Order
Export as new Build Order

Comments (0)

There are no comments. Be the first!

Create an account to comment!